 Dungeon Crawl Stone Soup version 0.30-a0-21-g5d08c37080 (webtiles) character file.

Game seed: 3439906173224952700

695 Araneus the Cudgeller (level 7, -6/52 HPs)
             Began as a Demonspawn Fighter on Aug 24, 2022.
             Mangled by Blork the orc
             ... wielding a +5 glaive of venom
              (19 damage)
             ... on level 5 of the Dungeon.
             The game lasted 00:08:02 (4171 turns).

Araneus the Cudgeller (Demonspawn Fighter)          Turns: 4171, Time: 00:08:04

Health: -6/52      AC: 10    Str: 18    XL:     7   Next: 37%
Magic:  7/7        EV:  9    Int: 10    God:
Gold:   152        SH:  4    Dex: 12    Spells: 6/6 levels left

rFire   . . .      SeeInvis .    a - +0 flail
rCold   . . .      Faith    .    c - +0 buckler
rNeg    . . .      Spirit   .    b - +0 scale mail
rPois   .          Reflect  .    t - +2 helmet
rElec   .          Harm     .    e - +0 cloak
rCorr   .          Rampage  .    (no gloves)
Will    .....                    (no boots)
Stlth   ..........               n - amulet of regeneration
HPRegen 0.97/turn                (no ring)
MPRegen 0.10/turn                (no ring)

@: lethally poisoned (-6 -> -16)
A: claws 1, spiny 1
a: no special abilities


You were on level 5 of the Dungeon.
You visited 1 branch of the dungeon, and saw 5 of its levels.

You collected 152 gold pieces.

Inventory:

Hand Weapons
 a - a +0 flail (weapon)
Armour
 b - a +0 scale mail (worn)
 c - a +0 buckler (worn)
 e - a +0 cloak (worn)
 t - a +2 helmet (worn)
Jewellery
 n - an amulet of regeneration (around neck)
Wands
 o - a wand of flame (25)
 s - a wand of roots (7)
 w - a wand of charming (12)
Scrolls
 h - 8 scrolls of identify {unknown}
 i - 3 scrolls of teleportation {unknown}
 k - a scroll of magic mapping {unknown}
 l - 4 scrolls of vulnerability {unknown}
 m - a scroll of noise {unknown}
 p - a scroll of summoning {unknown}
 x - a scroll of poison {unknown}
Potions
 d - a potion of magic {unknown}
 f - a potion of curing
 g - a potion of haste {unknown}
 j - 2 potions of lignification {unknown}
 q - a potion of berserk rage {unknown}
 r - a potion of heal wounds {unknown}
 u - a potion of degeneration {unknown}
 v - a potion of might


   Skills:
 - Level 3.0 Fighting
 + Level 7.1 Maces & Flails
 - Level 2.6 Armour
 - Level 1.1 Stealth
 * Level 3.6 Shields


You had 6 spell levels left.
You didn't know any spells.
Your spell library was empty.

Dungeon Overview and Level Annotations

Branches:
Dungeon (5/15)
 Temple: D:4-7

Altars:

Shops:
D:2 =

Annotations:
D:5 Blork the orc


Innate Abilities, Weirdness & Mutations

You have sharp fingernails.
You are partially covered in sharp spines.


Message History

The ice beast closely misses you.
You thump the ice beast!
The ice beast is almost dead.
The ice beast is struck by your spines.
You kill the ice beast!
Your Maces & Flails skill increases to level 7!
No target in view!
No target in view!
No target in view!
HP restored.
Blork the orc comes into view.
He is wielding a +5 glaive of venom and carrying a wand of flame (3).
Blork the orc shouts!
Blork the orc zaps a wand.
The puff of flame hits you but does no damage.
Blork the orc looks encouraged for a moment.
Blork the orc gestures at you while chanting.
The puff of frost hits you.
You sock Blork the orc!
Blork the orc is moderately wounded.
Blork the orc looks angry.
Blork the orc drinks a potion.
Blork the orc seems to grow stronger.
You sock Blork the orc!
Blork the orc is severely wounded.
Blork the orc hits you with a +5 glaive of venom!
You are poisoned.
You hit Blork the orc.
Blork the orc is severely wounded.
You feel very sick. Blork the orc is struck by your spines.
Blork the orc hits you with a +5 glaive of venom!!
You are more poisoned.
You are too injured to fight recklessly!
You are too injured to fight recklessly!
You closely miss Blork the orc.
Blork the orc is almost dead.
* * * LOW HITPOINT WARNING * * *
You feel extremely sick.
Blork the orc screams, "I'll break your legs!"
Blork the orc hits you with a +5 glaive of venom!!
You die...

.....>........+.........
#######....####.........
#.#.## ##.......# #.###
##.....## #.# ##...##
#.# ##'## #.# ######.#
#.# #......#### #@#
#.#.....รท<# #....o...#
#[#..<#.# #.###!##.#
#.......# #.# #
#...#...#.# #.#
#..###..... #.. ....
..##.# ### ### ..###.#
... ..# ###


You could see Blork the orc (strong).

Vanquished Creatures
  An ice beast (D:5)
  2 phantoms (D:4)
  A scorpion (D:5)
  2 hounds (D:5)
  An orc priest (D:4)
  An orc wizard (D:3)
  Natasha (twice) (D:4)
  Robin (D:4)
  6 gnolls (D:4)
  5 adders
  2 worms (D:4)
  2 dart slugs
  11 orcs
  13 ball pythons
  7 bats
  9 endoplasms
  A giant cockroach (D:2)
  15 goblins
  9 hobgoblins
  7 jackals
  3 kobolds
  6 quokkas
  A frilled lizard (D:2)
  6 rats
114 creatures vanquished.

Notes
Turn   | Place    | Note
-------+----------+-------------------------------------------
     0 | D:1      | Araneus the Demonspawn Fighter began the quest for the Orb.
     0 | D:1      | Reached XP level 1. HP: 18/18 MP: 1/1
    71 | D:1      | Reached skill level 2 in Maces & Flails
   151 | D:1      | Gained mutation: You are partially covered in sharp spines.
                  | [demonic ancestry]
   151 | D:1      | Reached XP level 2. HP: 23/24 MP: 2/2
   327 | D:1      | Reached skill level 3 in Maces & Flails
   634 | D:2      | Gained mutation: You have sharp fingernails. [demonic
                  | ancestry]
   634 | D:2      | Reached XP level 3. HP: 25/29 MP: 3/3
  1090 | D:2      | Found Soloq's Jewellery Emporium.
  1155 | D:2      | Reached skill level 4 in Maces & Flails
  1155 | D:2      | Reached XP level 4. HP: 33/35 MP: 4/4
  2356 | D:4      | Noticed a phantom
  2366 | D:4      | Killed a phantom
  2367 | D:4      | Reached skill level 5 in Maces & Flails
  2367 | D:4      | Reached skill level 1 in Stealth
  2367 | D:4      | Reached XP level 5. HP: 41/41 MP: 5/5
  2611 | D:4      | Noticed Robin
  2631 | D:4      | Killed Robin
  2770 | D:4      | Reached XP level 6. HP: 47/47 MP: 6/6
  2875 | D:4      | Reached skill level 6 in Maces & Flails
  3100 | D:4      | Noticed Natasha
  3108 | D:4      | Killed Natasha
  3384 | D:4      | Noticed Natasha
  3393 | D:4      | Killed Natasha
  3639 | D:5      | Entered Level 5 of the Dungeon
  3720 | D:5      | Reached XP level 7. HP: 52/52 MP: 7/7
  4142 | D:5      | Reached skill level 7 in Maces & Flails
  4163 | D:5      | Noticed Blork the orc
  4171 | D:5      | Mangled by Blork the orc

Illustrated notes

Levels and vault maps discovered:
D:1:      shiori_shiawase, layout_basic, serial_glass, glass_columns_a,
          glass_columns_a
D:2:      layout_basic, serial_shops, shop
D:3:      layout_basic, roderic_serpentine_path
D:4:      minmay_evil_eye, layout_gridville, uniq_natasha, uniq_robin
D:5:      layout_loops_corners, zin_scriptorium, gammafunk_ghost_necromancy,
          uniq_blork_the_orc

Skill      XL: |  1  2  3  4  5  6  7 |
---------------+----------------------+-----
Maces & Flails | 2 3 4 5 6 7 |  7.1
Stealth        | 1 |  1.1
Shields        | 3 |  3.6
Fighting       | |  3.0
Armour         | |  2.6

Action                   |  1- 3 |  4- 6 |  7- 9 || total
-------------------------+-------+-------+-------++-------
Melee: Flail             |    81 |   147 |    22 ||   250
  Use: Potion            |       |     2 |       ||     2
Armor: Scale mail        |    37 |    62 |     7 ||   106
Dodge: Dodged            |    38 |    41 |    11 ||    90
Block: Buckler           |    19 |    27 |     2 ||    48

Table legend: (Time is in decaauts)
 A = Elapsed time spent in this place.
 B = Non-inter-level travel time spent in this place.
 C = Inter-level travel time spent in this place.
 D = Time resting spent in this place.
 E = Time spent auto-exploring this place.
 F = Levels seen in this place.
 G = Mean time per level.
                   A        B        C        D        E       F      G
               +--------+--------+--------+--------+--------+-----+--------+
         Total |   4225 |   3322 |    903 |      0 |   2633 |   5 |  845.0 |
       Dungeon |   4225 |   3322 |    903 |      0 |   2633 |   5 |  845.0 |
               +--------+--------+--------+--------+--------+-----+--------+

Top non-repeatable levels by time:
     D:4: 1727 daAuts
     D:3: 909 daAuts
     D:2: 878 daAuts
     D:1: 603 daAuts
     D:5: 107 daAuts
